FSL
FORT MYERS MIRACLE @ LAKELAND FLYING TIGERS
07/18/2098
 
TOP OF THE 1ST
Fort Myers Miracle batting - Pitching for Lakeland Flying Tigers : RHP Matt Welcher
Pitching: RHP Matt Welcher
Batting: RHB Alberto Rivera 0-0: Foul Ball, location: 2F
0-1: Swinging Strike
0-2: Fly out, F5 (Line Drive, 56, EV 70.0 MPH)
Batting: LHB Eddie Lopez 0-0: Called Strike
0-1: Ball
1-1: Called Strike
1-2: Fly out, F7 (Flyball, 78D, EV 108.1 MPH)
Batting: RHB Brian Taylor 0-0: Swinging Strike
0-1: Called Strike
0-2: Foul Ball, location: 2F
0-2: Ball
1-2: Strikes out swinging
Top of the 1st over - 0 runs, 0 hits, 0 errors, 0 left on base; Fort Myers 0 - Lakeland 0
BOTTOM OF THE 1ST
Lakeland Flying Tigers batting - Pitching for Fort Myers Miracle : RHP Brian Leerssen
Pitching: RHP Brian Leerssen
Batting: RHB Quincy Behan 0-0: Called Strike
0-1: Fly out, F7 (Line Drive, 7, EV 84.4 MPH)
Batting: LHB Ron Devers 0-0: Ball
1-0: Called Strike
1-1: Ball
2-1: Ball
3-1: Foul Ball, location: 2F
3-2: Foul Ball, location: 2F
3-2: SINGLE (Groundball, 6MD, EV 103.8 MPH)
Batting: RHB Ruben Garcia 0-0: Called Strike
0-1: Ball
1-1: SINGLE (Groundball, 4D, EV 108.1 MPH)
Ron Devers to second
Runner from 2nd tries for 3rd, SAFE, throw by CF made to third
Batting: LHB Dusty Ancona 0-0: Called Strike
0-1: Ball
1-1: DOUBLE (Flyball, 8RXD, EV 106.3 MPH)
Ron Devers scores
Ruben Garcia to third
Batting: RHB Ed Hochstetler 0-0: Foul Ball, location: 5FF
0-1: Called Strike
0-2: 3-RUN HOME RUN (Flyball, 9D, EV 101.3 MPH), Distance : 384 ft
Batting: LHB Alex Pacheco 0-0: SINGLE (Groundball, 56D, EV 108.8 MPH)
Batting: RHB Joe McFadden 0-0: Ball
1-0: Called Strike
1-1: Grounds into double play, 5-4-3 (Groundball, 5, EV 86.3 MPH)
Bottom of the 1st over - 4 runs, 5 hits, 0 errors, 0 left on base; Fort Myers 0 - Lakeland 4
TOP OF THE 2ND
Fort Myers Miracle batting - Pitching for Lakeland Flying Tigers : RHP Matt Welcher
Batting: RHB Josh Biehl 0-0: Ball
1-0: Fly out, F9 (Line Drive, 9S, EV 95.6 MPH)
Batting: LHB Jonathan Apodaca 0-0: Called Strike
0-1: Ball
1-1: Ball
2-1: Fly out, F7 (Flyball, 7LSF, EV 93.8 MPH)
Batting: SHB Jeremy DiCicco 0-0: Foul Ball, location: 2F
0-1: Ball
1-1: Called Strike
1-2: Strikes out swinging
Top of the 2nd over - 0 runs, 0 hits, 0 errors, 0 left on base; Fort Myers 0 - Lakeland 4
BOTTOM OF THE 2ND
Lakeland Flying Tigers batting - Pitching for Fort Myers Miracle : RHP Brian Leerssen
Batting: RHB Chris Bowman 0-0: Ground out 6-3 (Groundball, 6, EV 90.0 MPH)
Batting: RHB Mike Nesseth 0-0: Ball
1-0: Swinging Strike
1-1: Called Strike
1-2: Fly out, F8 (Flyball, 8LD, EV 89.4 MPH)
Batting: RHB Quincy Behan 0-0: Ball
1-0: Ball
2-0: Ball
3-0: Called Strike
3-1: Fly out, F3 (Line Drive, 3L, EV 69.4 MPH)
Bottom of the 2nd over - 0 runs, 0 hits, 0 errors, 0 left on base; Fort Myers 0 - Lakeland 4
TOP OF THE 3RD
Fort Myers Miracle batting - Pitching for Lakeland Flying Tigers : RHP Matt Welcher
Batting: RHB Matt Ortega 0-0: Ball
1-0: Called Strike
1-1: Called Strike
1-2: SINGLE (Groundball, 6D, EV 94.4 MPH)
Batting: RHB Matt Reagan 0-0: Ball
1-0: Called Strike
1-1: Ball
2-1: Foul Ball, location: 7LMF
2-2: Foul Ball, location: 7LMF
2-2: Ball
3-2: Fly out, F7 (Flyball, 7S, EV 87.5 MPH)
Batting: LHB Danny Sanchez 0-0: Called Strike
0-1: Called Strike
0-2: Ball
1-2: Ball
2-2: Ball
3-2: Strikes out swinging
Batting: RHB Alberto Rivera 0-0: Swinging Strike
0-1: Ball
1-1: Ball
2-1: Ball
3-1: Foul Ball, location: 2F
3-2: Fly out, F8 (Line Drive, 8RD, EV 101.3 MPH)
Top of the 3rd over - 0 runs, 1 hit, 0 errors, 1 left on base; Fort Myers 0 - Lakeland 4
BOTTOM OF THE 3RD
Lakeland Flying Tigers batting - Pitching for Fort Myers Miracle : RHP Brian Leerssen
Batting: LHB Ron Devers 0-0: Called Strike
0-1: Foul Ball, location: 2F
0-2: Ground out 4-3 (Groundball, 4, EV 96.3 MPH)
Batting: RHB Ruben Garcia 0-0: Called Strike
0-1: Ball
1-1: Swinging Strike
1-2: Fly out, F8 (Flyball, 8LD, EV 109.4 MPH)
Batting: LHB Dusty Ancona 0-0: Ball
1-0: Ball
2-0: Called Strike
2-1: Called Strike
2-2: Hit by Pitch
Batting: RHB Ed Hochstetler 0-0: Ball
1-0: Called Strike
1-1: Fielders Choice at 2nd, 6-4 (Groundball, 6, EV 85.6 MPH)
Bottom of the 3rd over - 0 runs, 0 hits, 0 errors, 1 left on base; Fort Myers 0 - Lakeland 4
TOP OF THE 4TH
Fort Myers Miracle batting - Pitching for Lakeland Flying Tigers : RHP Matt Welcher
Batting: LHB Eddie Lopez 0-0: Ball
1-0: Called Strike
1-1: Ball
2-1: Foul Ball, location: 7LMF
2-2: Ball
3-2: Base on Balls
Batting: RHB Brian Taylor 0-0: Swinging Strike
0-1: Foul Ball, location: 9LMF
0-2: Foul Ball, location: 3FF
0-2: Ball
1-2: Foul Ball, location: 9LMF
1-2: SINGLE (Line Drive, 7LS, EV 88.1 MPH)
Eddie Lopez to second
Batting: RHB Josh Biehl 0-0: Called Strike
0-1: Ball
1-1: Swinging Strike
1-2: Foul Ball, location: 9LSF
1-2: Ball
2-2: Ball
3-2: SINGLE (Groundball, 34D, EV 100.0 MPH)
Eddie Lopez to third
Brian Taylor to second
Batting: LHB Jonathan Apodaca 0-0: Ball
1-0: Foul Ball, location: 7LMF
1-1: Fielders Choice at 2nd, 4-6 (Groundball, 4, EV 88.8 MPH)
Eddie Lopez scores
Brian Taylor to third
Batting: SHB Jeremy DiCicco 0-0: Fly out, F9 (Flyball, 9, EV 97.5 MPH)
Runner from 3rd tags up, SCORES, throw by RF
Batting: RHB Matt Ortega 0-0: Called Strike
0-1: Ball
1-1: Foul Ball, location: 5FF
1-2: Foul Ball, location: 5FF
1-2: Ball
2-2: Ball
3-2: Foul Ball, location: 2F
3-2: Base on Balls
Jonathan Apodaca to second
Batting: RHB Matt Reagan 0-0: Called Strike
0-1: Called Strike
0-2: Foul Ball, location: 7LSF
0-2: Ball
1-2: Ball
2-2: Foul Ball, location: 9LMF
2-2: Ball
3-2: Ground out 2-3 (Groundball, 2L, EV 65.0 MPH)
Top of the 4th over - 2 runs, 2 hits, 0 errors, 2 left on base; Fort Myers 2 - Lakeland 4
BOTTOM OF THE 4TH
Lakeland Flying Tigers batting - Pitching for Fort Myers Miracle : RHP Brian Leerssen
Batting: LHB Alex Pacheco 0-0: Ball
1-0: Ground out 4-3 (Groundball, 4, EV 93.8 MPH)
Batting: RHB Joe McFadden 0-0: SINGLE (Line Drive, 4MD, EV 106.3 MPH)
Batting: RHB Chris Bowman 0-0: Called Strike
0-1: Ball
1-1: Ball
2-1: Swinging Strike
2-2: Foul Ball, location: 2F
2-2: Fielders Choice at 2nd, 6-4 (Groundball, 6, EV 106.3 MPH)
Batting: RHB Mike Nesseth 0-0: Called Strike
0-1: Ball
1-1: Ground out 4-3 (Groundball, 34, EV 103.8 MPH)
Bottom of the 4th over - 0 runs, 1 hit, 0 errors, 1 left on base; Fort Myers 2 - Lakeland 4
TOP OF THE 5TH
Fort Myers Miracle batting - Pitching for Lakeland Flying Tigers : RHP Matt Welcher
Batting: LHB Danny Sanchez 0-0: Ball
1-0: Foul Ball, location: 25F
1-1: Ball
2-1: Foul Ball, location: 2F
2-2: Foul Ball, location: 2F
2-2: Hit by Pitch
Batting: RHB Alberto Rivera 0-0: Swinging Strike
Danny Sanchez steals 2nd base
0-1: SINGLE (Groundball, 4, EV 105.0 MPH)
Danny Sanchez to third
Batting: LHB Eddie Lopez 0-0: Fly out, F9 (Flyball, 9, EV 91.3 MPH)
Runner from 3rd tags up, SCORES, throw by RF
Batting: RHB Brian Taylor 0-0: SINGLE (Groundball, 4MD, EV 64.4 MPH) (infield hit)
Alberto Rivera to second
Batting: RHB Josh Biehl 0-0: Ball
1-0: Foul Ball, location: 2F
1-1: Foul Ball, location: 2F
1-2: Foul Ball, location: 2F
1-2: Ball
2-2: Fly out, F7 (Flyball, 78S, EV 83.8 MPH)
Batting: LHB Jonathan Apodaca 0-0: Ball
1-0: Ball
2-0: Swinging Strike
2-1: DOUBLE (Flyball, 8RXD, EV 107.5 MPH)
Alberto Rivera scores
Brian Taylor to third
Runner from 3rd tries for Home, SAFE, throw by CF to home
Batting: SHB Jeremy DiCicco 0-0: Called Strike
0-1: Ball
1-1: Ground out 4-3 (Groundball, 34, EV 103.8 MPH)
Top of the 5th over - 3 runs, 3 hits, 0 errors, 1 left on base; Fort Myers 5 - Lakeland 4
BOTTOM OF THE 5TH
Lakeland Flying Tigers batting - Pitching for Fort Myers Miracle : RHP Brian Leerssen
Batting: RHB Quincy Behan 0-0: Ball
1-0: Called Strike
1-1: SINGLE (Line Drive, 3D, EV 106.9 MPH)
Batting: LHB Ron Devers 0-0: Called Strike
0-1: Ball
1-1: Swinging Strike
1-2: Strikes out swinging
Batting: RHB Ruben Garcia 0-0: Ball
Quincy Behan steals 2nd base
1-0: Called Strike
Quincy Behan steals 3rd base
1-1: Fly out, F4 (Popup, 4D, EV 50.0 MPH)
Batting: LHB Dusty Ancona 0-0: Called Strike
0-1: Ball
1-1: Foul Ball, location: 25FF
1-2: Fly out, F8 (Flyball, 8LM, EV 85.6 MPH)
Bottom of the 5th over - 0 runs, 1 hit, 0 errors, 1 left on base; Fort Myers 5 - Lakeland 4
TOP OF THE 6TH
Fort Myers Miracle batting - Pitching for Lakeland Flying Tigers : RHP Matt Welcher
Pitching: RHP Joey Amaya
Batting: RHB Matt Ortega 0-0: Swinging Strike
0-1: Ball
1-1: Ball
2-1: Ground out 6-3 (Groundball, 6, EV 76.9 MPH)
Batting: RHB Matt Reagan 0-0: Ball
1-0: Called Strike
1-1: Called Strike
1-2: SINGLE (Line Drive, 9LM, EV 92.5 MPH)
Batting: LHB Danny Sanchez 0-0: Called Strike
0-1: Called Strike
0-2: Ball
1-2: Ball
2-2: Foul Ball, location: 3SF
2-2: Grounds into double play, 5-4-3 (Groundball, 5S, EV 83.1 MPH)
Top of the 6th over - 0 runs, 1 hit, 0 errors, 0 left on base; Fort Myers 5 - Lakeland 4
BOTTOM OF THE 6TH
Lakeland Flying Tigers batting - Pitching for Fort Myers Miracle : RHP Brian Leerssen
Batting: RHB Ed Hochstetler 0-0: Ball
1-0: Fly out, F9 (Flyball, 9D, EV 95.6 MPH)
Batting: LHB Alex Pacheco 0-0: Ground out 1-3 (Groundball, 34S, EV 65.6 MPH)
Batting: RHB Joe McFadden 0-0: Ball
1-0: Swinging Strike
1-1: Ground out 6-3 (Groundball, 6, EV 101.9 MPH)
Bottom of the 6th over - 0 runs, 0 hits, 0 errors, 0 left on base; Fort Myers 5 - Lakeland 4
TOP OF THE 7TH
Fort Myers Miracle batting - Pitching for Lakeland Flying Tigers : RHP Joey Amaya
Batting: RHB Alberto Rivera 0-0: Ground out U3 (Groundball, 3, EV 83.1 MPH)
Batting: LHB Eddie Lopez 0-0: Called Strike
0-1: Ball
1-1: Called Strike
1-2: Ball
2-2: Ball
3-2: Base on Balls
Batting: RHB Brian Taylor 0-0: Called Strike
0-1: Called Strike
0-2: Ball
1-2: Ball
2-2: Fly out, F9 (Flyball, 9LS, EV 76.3 MPH)
Batting: RHB Josh Biehl 0-0: Ball
1-0: Ball
Eddie Lopez steals 2nd base
2-0: Ground out U3 (Groundball, 34, EV 78.8 MPH)
Top of the 7th over - 0 runs, 0 hits, 0 errors, 1 left on base; Fort Myers 5 - Lakeland 4
BOTTOM OF THE 7TH
Lakeland Flying Tigers batting - Pitching for Fort Myers Miracle : RHP Brian Leerssen
Pinch Hitting: LHB Ted Oetken 0-0: Ball
1-0: Ball
2-0: Called Strike
2-1: DOUBLE (Groundball, 3L, EV 98.1 MPH)
Batting: RHB Mike Nesseth 0-0: Ball
1-0: Called Strike
1-1: Fly out, F2 (Popup, 3SF, EV 79.4 MPH)
Pinch Hitting: LHB Mike Giordano 0-0: Called Strike
0-1: Ball
1-1: Foul Ball, location: 23F
1-2: Strikes out looking
Batting: LHB Ron Devers 0-0: Foul Ball, location: 2F
0-1: Ball
1-1: Foul Ball, location: 2F
1-2: SINGLE (Groundball, 5D, EV 97.5 MPH)
Ted Oetken to third
Runner from 3rd tries for Home, SAFE, throw by LF to home
Pitching: RHP Danny Guerrero
Pinch Hitting: LHB Andrew Cassella 0-0: Ball
Ron Devers steals 2nd base
1-0: Called Strike
1-1: Called Strike
1-2: Ball
2-2: Strikes out swinging
Bottom of the 7th over - 1 run, 2 hits, 0 errors, 1 left on base; Fort Myers 5 - Lakeland 5
TOP OF THE 8TH
Fort Myers Miracle batting - Pitching for Lakeland Flying Tigers : RHP Joey Amaya
Now at 1B: Willie Valdez
Now at 2B: Ted Oetken
Now at SS: Dusty Ancona
Now in RF: Andrew Cassella
Batting: LHB Jonathan Apodaca 0-0: Ball
1-0: Called Strike
1-1: Ball
2-1: Fly out, F8 (Line Drive, 8RM, EV 99.4 MPH)
Pitching: RHP Shane Chappell
Batting: SHB Jeremy DiCicco 0-0: Fly out, F8 (Flyball, 8RD, EV 109.4 MPH)
Batting: RHB Matt Ortega 0-0: Ball
1-0: Called Strike
1-1: SINGLE (Line Drive, 56D, EV 70.6 MPH)
Batting: RHB Matt Reagan 0-0: Ball
1-0: Foul Ball, location: 2F
1-1: Ball
2-1: Foul Ball, location: 2F
2-2: Strikes out looking
Top of the 8th over - 0 runs, 1 hit, 0 errors, 1 left on base; Fort Myers 5 - Lakeland 5
BOTTOM OF THE 8TH
Lakeland Flying Tigers batting - Pitching for Fort Myers Miracle : RHP Danny Guerrero
Pitching: RHP Joe Housewright
Batting: LHB Dusty Ancona 0-0: Called Strike
0-1: Swinging Strike
0-2: Ground out 1-3 (Groundball, P, EV 67.5 MPH)
Batting: RHB Ed Hochstetler 0-0: Fly out, F6 (Popup, 4M, EV 75.6 MPH)
Batting: LHB Alex Pacheco 0-0: Ball
1-0: Ball
2-0: Foul Ball, location: 7LSF
2-1: Swinging Strike
2-2: Strikes out swinging
Bottom of the 8th over - 0 runs, 0 hits, 0 errors, 0 left on base; Fort Myers 5 - Lakeland 5
TOP OF THE 9TH
Fort Myers Miracle batting - Pitching for Lakeland Flying Tigers : RHP Shane Chappell
Batting: LHB Danny Sanchez 0-0: Foul Ball, location: 7LDF
0-1: Foul Ball, location: 23F
0-2: Reached on error, E4 (Groundball, 4, EV 83.8 MPH)
Batting: RHB Alberto Rivera 0-0: Swinging Strike
0-1: Foul Ball, location: 2F
0-2: Ball
1-2: Strikes out swinging
Batting: LHB Eddie Lopez 0-0: Ball
1-0: Foul Ball, location: 2F
1-1: Ball
2-1: Ball
3-1: Called Strike
3-2: Foul Ball, location: 2F
3-2: Foul Ball, location: 2F
3-2: Foul Ball, location: 7LSF
3-2: Base on Balls
Danny Sanchez to second
Batting: RHB Brian Taylor 0-0: Foul Ball, location: 2F
0-1: Grounds into double play, 6-4-3 (Groundball, 6, EV 87.5 MPH)
Top of the 9th over - 0 runs, 0 hits, 1 error, 1 left on base; Fort Myers 5 - Lakeland 5
BOTTOM OF THE 9TH
Lakeland Flying Tigers batting - Pitching for Fort Myers Miracle : RHP Joe Housewright
Batting: RHB Joe McFadden 0-0: Foul Ball, location: 23F
0-1: Called Strike
0-2: Ball
1-2: Foul Ball, location: 9LMF
1-2: Ball
2-2: Ball
3-2: Strikes out swinging
Batting: LHB Ted Oetken 0-0: Ball
1-0: Ground out 4-3 (Groundball, 4, EV 102.5 MPH)
Batting: RHB Mike Nesseth 0-0: Ball
1-0: Fly out, F9 (Flyball, 89XD, EV 93.1 MPH)
Bottom of the 9th over - 0 runs, 0 hits, 0 errors, 0 left on base; Fort Myers 5 - Lakeland 5
TOP OF THE 10TH
Fort Myers Miracle batting - Pitching for Lakeland Flying Tigers : RHP Shane Chappell
Brian Taylor starts the inning at 2nd base.
Batting: RHB Josh Biehl 0-0: Called Strike
0-1: Called Strike
0-2: Ground out 4-3 (Groundball, 4, EV 86.9 MPH)
Brian Taylor to third
Batting: LHB Jonathan Apodaca 0-0: Intentional Walk
Batting: SHB Jeremy DiCicco 0-0: Ball
1-0: Ball
2-0: Ball
3-0: Base on Balls
Jonathan Apodaca to second
Batting: RHB Matt Ortega 0-0: Ball
Wild Pitch!
Brian Taylor scores
Jonathan Apodaca to third
Jeremy DiCicco to second
1-0: Swinging Strike
1-1: Ball
2-1: Ball
3-1: Foul Ball, location: 5F
3-2: Base on Balls
Pinch Hitting: SHB Ben Woodford 0-0: Swinging Strike
0-1: Fly out, F9 (Flyball, 9S, EV 88.1 MPH)
Runner from 3rd tags up, SCORES, throw by RF
Jeremy DiCicco to third
Batting: LHB Danny Sanchez 0-0: Foul Ball, location: 2LF
0-1: Ball
1-1: SINGLE (Groundball, 34, EV 100.6 MPH) (infield hit)
Jeremy DiCicco scores
Matt Ortega to second
Batting: RHB Alberto Rivera 0-0: Swinging Strike
0-1: Ground out 6-3 (Groundball, 6M, EV 101.9 MPH)
Top of the 10th over - 3 runs, 1 hit, 0 errors, 2 left on base; Fort Myers 8 - Lakeland 5
BOTTOM OF THE 10TH
Lakeland Flying Tigers batting - Pitching for Fort Myers Miracle : RHP Joe Housewright
Mike Nesseth starts the inning at 2nd base.
Pitching: RHP Jesus Velez
Now at 2B: Justin Kisley
Now at SS: Matt Ortega
Batting: RHB Willie Valdez 0-0: Swinging Strike
0-1: Swinging Strike
0-2: Ball
1-2: SINGLE (Groundball, 34D, EV 106.3 MPH)
Mike Nesseth to third
Batting: LHB Ron Devers 0-0: Ball
1-0: Ball
2-0: Ball
3-0: Called Strike
3-1: Base on Balls
Willie Valdez to second
Batting: LHB Andrew Cassella 0-0: Reached via error on a dropped throw from SS, E4 (Groundball, 56, EV 83.1 MPH)
Mike Nesseth scores
Willie Valdez to third
Ron Devers to second
Batting: LHB Dusty Ancona 0-0: Ball
1-0: Ball
2-0: Fly out, F8 (Flyball, 8RS, EV 90.6 MPH)
Batting: RHB Ed Hochstetler 0-0: Called Strike
0-1: Swinging Strike
0-2: Strikes out looking
Batting: LHB Alex Pacheco 0-0: Ball
1-0: Ball
2-0: Foul Ball, location: 3F
2-1: Ground out 4-3 (Groundball, 4, EV 83.1 MPH)
Bottom of the 10th over - 1 run, 1 hit, 1 error, 3 left on base; Fort Myers 8 - Lakeland 6
Wednesday, April 10th , 2024 - OOTP Baseball 24.11 Build 85